 Dungeon Crawl Stone Soup version 0.26.1-2-gb8aa6d0cf2 (webtiles) character file.

Game seed: 11911424757866814791

1375 Acheron the Schismatic (level 8, 0/61 HPs)
             Began as a Demonspawn Abyssal Knight on Mar 6, 2021.
             Was an Elder of Lugonu.
             Slain by an orc wizard
             ... wielding a +0 dagger
              (1 damage)
             ... on level 7 of the Dungeon.
             The game lasted 00:28:06 (6872 turns).

Acheron the Schismatic (Demonspawn Abyssal Knight)  Turns: 6872, Time: 00:28:07

Health: 0/61       AC: 12    Str: 12    XL:     8   Next: 39%
Magic:  11/11      EV: 10    Int: 13    God:    Lugonu [****..]
Gold:   264        SH:  0    Dex: 16    Spells: 7/7 levels left

rFire    . . .     SeeInvis .   w - +0 war axe
rCold    . . .     Faith    .   (no shield)
rNeg     . . .     Spirit   .   k - +0 scale mail
rPois    .         Reflect  .   (no helmet)
rElec    .         Harm     .   (no cloak)
rCorr    .         Rampage  .   q - +2 pair of gloves
Will     .....                  z - +1 pair of boots
Stlth    ..........             (no amulet)
HPRegen  0.20/turn              (no ring)
MPRegen  0.12/turn              (no ring)

@: confused, mighty, lethally poisoned (0 -> -1)
A: talons 2, large bone plates 1, powered by pain 2
a: Renounce Religion, Depart the Abyss, Bend Space, Banish, Corrupt


You were on level 7 of the Dungeon.
You worshipped Lugonu.
Lugonu was greatly pleased with you.
You visited 1 branch of the dungeon, and saw 7 of its levels.
You visited the Abyss 1 time.

You collected 264 gold pieces.

Inventory:

Hand Weapons
 a - a +1 hand axe
 m - a +0 spear
 n - a +0 dagger of draining
 o - a +1 short sword of protection
 r - a +4 flail
 w - a +0 war axe (weapon)
Missiles
 f - 127 stones
 l - 8 atropa-tipped darts
 p - 34 sling bullets
 s - 16 boomerangs
 x - 20 poisoned darts (quivered)
 A - a silver boomerang
Armour
 d - a +0 kite shield
 k - a +0 scale mail (worn)
 q - a +2 pair of gloves (worn)
 z - a +1 pair of boots (worn)
Magical Staves
 b - an uncursed staff of air
Jewellery
 t - an uncursed amulet of magic regeneration
 y - an uncursed amulet of regeneration {unknown}
Wands
 F - a wand of iceblast (10)
Scrolls
 e - 2 scrolls of immolation
 h - 6 scrolls of remove curse
 u - a scroll of amnesia
Potions
 c - 3 potions of flight
 g - a potion of cancellation {unknown}
 i - a potion of lignification
 j - a potion of might
 v - a potion of brilliance {unknown}
 B - a potion of invisibility {unknown}
 C - a potion of heal wounds {unknown}
 E - a potion of mutation {unknown}


   Skills:
 * Level 4.5 Fighting
 * Level 2.0 Short Blades
 + Level 4.5 Axes
 * Level 1.9 Throwing
 * Level 3.7 Armour
 * Level 2.9 Dodging
 * Level 3.0 Stealth
 * Level 2.1 Shields
 * Level 4.7 Invocations
 * Level 2.3 Evocations


You had 7 spell levels left.
You didn't know any spells.
Your spell library was empty.

Dungeon Overview and Level Annotations

Branches:
Dungeon (7/15)
 Temple: D:4-7

Altars:
Cheibriados
Hepliaklqana
Kikubaaqudgha
Qazlal
Trog
Vehumet
The Shining One

Shops:
D:6 (

Annotations:
D:2 exclusion: 3 downstairs
D:3 exclusion: downstairs, Sigmund
D:4 Duvessa
D:5 exclusion: downstairs
D:6 3 runed translucent doors, Quickbrownfox's ghost, novice MiMo


Innate Abilities, Weirdness & Mutations

You have razor-sharp toenails.
You are partially covered in large bone plates. (SH +4)
You sometimes gain power by taking damage.


Message History

You closely miss the worker ant.
The worker ant is severely wounded.
Your scale mail prevents you from hitting something.
The worker ant barely misses you.
You hear some strange, mumbled words.
You are confused.
The worker ant bites you.
* * * LOW HITPOINT WARNING * * *
Something hits you but does no damage.
You hit the worker ant.
The worker ant is almost dead.
You miss something.
You feel sick. The worker ant bites you.
* * * LOW HITPOINT WARNING * * *
Something hits you.
* * * LOW HITPOINT WARNING * * *
It was a potion of might.
You feel very mighty all of a sudden.
The worker ant bites you but does no damage.
Something hits you.
You die...

.................
.....>.........# ...
.###...........####.. .
..###...............# ..
#......#.#....!.....#.#
####......(.......(...#.
##.....((............
#<......(...){......
..........(.....@)..#
............#..(#B###
...............(#...
.......................
.....................##
......$................
........................
..............#..
..........###.#


You could see a worker ant.

Vanquished Creatures
  A sky beast (D:5)
  An ice beast (D:6)
  A necrophage (D:6)
  2 ogres
  A centaur (D:7)
  A bullfrog (D:6)
  A scorpion (D:6)
  A howler monkey (D:6)
  A bullfrog zombie (D:5)
  2 orc priests (D:3)
  3 hounds
  A centaur skeleton (D:6)
  A bullfrog skeleton (D:5)
  2 iguanas
  3 orc wizards
  3 worker ants
  A hound skeleton (D:3)
  2 adders
  6 gnolls
  A shadow imp (D:6)
  2 white imps
  An ufetubus (D:6)
  An ooze (D:2)
  2 adder skeletons
  A worm (D:3)
  6 dart slugs
  4 leopard geckos
  25 orcs
  3 ball pythons
  5 giant cockroaches
  8 goblins
  7 hobgoblins
  5 jackals (D:2)
  A quokka (D:6)
  5 bats
  6 frilled lizards
  10 kobolds
  10 rats
137 creatures vanquished.

Vanquished Creatures (others)
  5 withered plants (D:3)
5 creatures vanquished.

Grand Total: 142 creatures vanquished

Notes
Turn   | Place    | Note
-------+----------+-------------------------------------------
     0 | Abyss:1  | Acheron the Demonspawn Abyssal Knight began the quest for
                  | the Orb.
     0 | Abyss:1  | Reached XP level 1. HP: 18/18 MP: 2/2
     8 | D:1      | Escaped the Abyss
   113 | D:1      | Reached skill level 1 in Dodging
   471 | D:1      | Gained mutation: You sometimes gain a little power by
                  | taking damage. [demonic ancestry]
   471 | D:1      | Reached XP level 2. HP: 24/24 MP: 3/3
   787 | D:1      | Reached ** piety under Lugonu
  1348 | D:1      | Gained mutation: You sometimes gain power by taking damage.
                  | [demonic ancestry]
  1348 | D:1      | Reached XP level 3. HP: 29/29 MP: 5/5
  1650 | D:2      | Found a glowing golden altar of the Shining One.
  1663 | D:3      | Noticed Sigmund
  1799 | D:2      | Found a hazy altar of Hepliaklqana.
  1799 | D:2      | Found a stormy altar of Qazlal.
  1799 | D:2      | Found a radiant altar of Vehumet.
  2026 | D:3      | Reached skill level 1 in Stealth
  2343 | D:3      | Reached XP level 4. HP: 31/32 MP: 6/6
  2388 | D:3      | Found an ancient bone altar of Kikubaaqudgha.
  2409 | D:4      | Noticed Duvessa
  2999 | D:2      | Found a bloodstained altar of Trog.
  3141 | D:2      | Gained mutation: You have sharp toenails. [demonic
                  | ancestry]
  3141 | D:2      | Reached XP level 5. HP: 41/41 MP: 7/7
  3370 | D:3      | Reached *** piety under Lugonu
  3732 | D:3      | Gained mutation: You are partially covered in large bone
                  | plates. (SH +4) [demonic ancestry]
  3732 | D:3      | Reached XP level 6. HP: 25/48 MP: 8/8
  4058 | D:3      | Found a snail-covered altar of Cheibriados.
  4514 | D:4      | Reached skill level 1 in Evocations
  4653 | D:5      | Entered Level 5 of the Dungeon
  4696 | D:5      | Reached skill level 1 in Shields
  5009 | D:6      | Noticed an ice beast
  5191 | D:5      | Reached skill level 1 in Short Blades
  5191 | D:5      | Gained mutation: You have razor-sharp toenails. [demonic
                  | ancestry]
  5191 | D:5      | Reached XP level 7. HP: 54/54 MP: 9/9
  5711 | D:5      | Reached skill level 1 in Throwing
  5862 | D:6      | Found Oheimimn's Antique Weapon Shop.
  6004 | D:6      | Reached **** piety under Lugonu
  6268 | D:6      | Reached XP level 8. HP: 31/60 MP: 11/11
  6551 | D:6      | Found a runed translucent gate.
  6552 | D:6      | Found a runed translucent gate.
  6552 | D:6      | Found a runed translucent gate.
  6552 | D:6      | Noticed Quickbrownfox's ghost (novice MiMo)
  6871 | D:7      | HP: 3/61 [worker ant (4)]
  6871 | D:7      | HP: 1/61 [something (2)]
  6872 | D:7      | Slain by an orc wizard

Illustrated notes

Levels and vault maps discovered:
D:1:      evilmike_arrival_plus, layout_loops_ring
D:2:      layout_basic, grunt_temple_overflow_open, lightli_temple_of_fire
D:3:      layout_loops_cross, kiku_gazebo_garden_becter, kennysheep_slug_shrine,
          uniq_sigmund
D:4:      layout_loops_ring, minmay_temple_entry_antechambers,
          nicolae_qazlal_general_emergency, uniq_pikel, uniq_duvessa
D:5:      layout_loops_cross
D:6:      layout_basic, serial_shops,
          nicolae_shop_temple_entry_statues_fountains, gammafunk_ghost_split
D:7:      layout_rooms, zin_statuary, zaba_anthole

Skill      XL: |  1  2  3  4  5  6  7  8 |
---------------+-------------------------+-----
Dodging        | 1 2 |  2.9
Axes           | 2 3 4 |  4.5
Armour         | 2 3 |  3.7
Invocations    | 3 4 |  4.7
Stealth        | 1 2 3 |  3.0
Evocations     | 1 2 |  2.3
Shields        | 1 2 |  2.1
Fighting       | 4 |  4.5
Short Blades   | 1 2 |  2.0
Throwing       | 1 |  1.9

Action                   |  1- 3 |  4- 6 |  7- 9 || total
-------------------------+-------+-------+-------++-------
Melee: Hand axe          |   155 |   257 |       ||   412
       Short sword       |       |    20 |       ||    20
       Kick              |       |    40 |       ||    40
       War axe           |       |     9 |   197 ||   206
Throw: Dart              |       |       |     3 ||     3
Invok: Bend Space        |       |       |     1 ||     1
  Use: Scroll            |     5 |     5 |     4 ||    14
       Potion            |       |     1 |     1 ||     2
Armor: Leather armour    |     7 |       |       ||     7
       Ring mail         |    66 |     3 |       ||    69
       Scale mail        |       |   123 |   155 ||   278
       Skin              |       |    23 |       ||    23
Dodge: Dodged            |    97 |   144 |   119 ||   360
Block: Other             |       |    22 |    47 ||    69
